 Dungeon Crawl Stone Soup version 0.31-a0-360-gb3e1d13bf4 (webtiles) character file.

Game seed: 9779484818413367871

6510 cforsyth the Prestidigitator (level 11, -4/124 HPs)
             Began as a Gnoll Artificer on July 26, 2023.
             Was an Initiate of Hepliaklqana.
             Slain by a vampire (9 damage)
             ... on level 9 of the Dungeon.
             The game lasted 00:20:23 (11719 turns).

cforsyth the Prestidigitator (Gnoll Artificer)     Turns: 11719, Time: 00:20:24

Health: -4/124     AC: 25    Str: 12    XL:     11   Next: 0%
Magic:  19/19      EV:  2    Int: 15    God:    Hepliaklqana [......]
Gold:   747        SH:  0    Dex: 12    Spells: 21/21 levels left

rFire   . . .        v - +2 demon blade (venom)
rCold   . . .        (no shield)
rNeg    . . .        L - melded +4 chain mail {rF+}
rPois   +            h - melded +0 helmet
rElec   .            (cloak currently unavailable)
rCorr   .            (gloves currently unavailable)
SInv    .            p - melded +0 pair of boots
Will    +....        (no amulet)
Stlth   +            s - ring of willpower
HPRegen 0.40/turn    G - ring of wizardry
MPRegen 0.16/turn

%: wizardry (x1)
@: confused, tree-form, ambrosia-drunk
A: stationary, stasis, torment immunity, boosted hp, (fangs 1), strong nose,
distributed training
a: Renounce Religion


You were on level 9 of the Dungeon.
You worshipped Hepliaklqana.
Hepliaklqana was noncommittal.
You were a tree.
You visited 2 branches of the dungeon, and saw 10 of its levels.
You also visited: Ossuary.

You collected 747 gold pieces.

Inventory:

Hand Weapons
 a - a +0 club
 r - a +1 dagger of venom
 t - a +2 short sword of protection
 v - a +2 demon blade of venom (weapon)
 K - a +1 flail of protection
Missiles
 l - a throwing net
 M - 5 boomerangs of dispersal
Armour
 b - a +0 leather armour
 h - a +0 helmet (melded)
 k - a +0 chain mail
 p - a +0 pair of boots (melded)
 L - a +4 chain mail of fire resistance (melded)
Jewellery
 s - a ring of willpower (left branch)
 G - a ring of wizardry (right branch)
Wands
 d - a wand of charming (15)
 o - a wand of polymorph (5)
 F - a wand of flame (19)
 H - a wand of mindburst (4)
Scrolls
 f - a scroll of brand weapon {unknown}
 i - a scroll of fear {unknown}
 m - 3 scrolls of teleportation
 y - 4 scrolls of vulnerability
 D - a scroll of blinking
 I - a scroll of enchant armour {unknown}
 J - a scroll of immolation {unknown}
 N - a scroll of fog
 P - a scroll of noise {unknown}
Potions
 e - 2 potions of magic
 j - 2 potions of enlightenment
 n - a potion of resistance {unknown}
 u - 2 potions of attraction
 w - a potion of invisibility {unknown}
 x - a potion of ambrosia
 z - a potion of cancellation {unknown}
 A - 2 potions of brilliance
 B - a potion of mutation {unknown}
 C - a potion of berserk rage {unknown}
 O - a potion of heal wounds {unknown}
Miscellaneous
 q - a phial of floods


   Skills:
 + Level 6.5 Fighting
 + Level 5.9 Short Blades
 + Level 5.9 Long Blades
 + Level 5.9 Axes
 + Level 5.9 Maces & Flails
 + Level 5.9 Polearms
 + Level 5.9 Staves
 + Level 5.9 Ranged Weapons
 + Level 5.9 Throwing
 + Level 7.5 Armour
 + Level 6.5 Dodging
 + Level 6.4 Stealth
 + Level 5.9 Shields
 + Level 5.9 Unarmed Combat
 + Level 5.9 Spellcasting
 + Level 4.9 Conjurations
 + Level 4.9 Hexes
 + Level 4.9 Summonings
 + Level 4.9 Necromancy
 + Level 4.9 Translocations
 + Level 4.9 Transmutations
 + Level 4.9 Fire Magic
 + Level 4.9 Ice Magic
 + Level 4.9 Air Magic
 + Level 4.9 Earth Magic
 + Level 4.9 Poison Magic
 + Level 6.5 Invocations
 + Level 8.9 Evocations
 + Level 4.9 Shapeshifting


You had 21 spell levels left.
You didn't know any spells.
Your spell library contained the following spells:

 Spells                   Type           Power      Damage    Failure   Level
 Apportation              Tloc           38%        N/A       1%          1
 Dazzling Flash           Conj/Hex       38%        N/A       2%          3
 Agony                    Necr           19%        N/A       22%         5
 Alistair's Intoxication  Tmut/Pois      12%        N/A       22%         5
 Silence                  Hex/Air        9%         N/A       22%         5


Dungeon Overview and Level Annotations

Branches:
Dungeon (9/15)             Temple (1/1) D:4            Lair (0/5) D:9
    Orc (0/2) D:9         Ossuary (visited)

Altars:
Ashenzari
Dithmenos
Elyvilon
Fedhas
Gozag
Hepliaklqana
Kikubaaqudgha
Makhleb
Nemelex Xobeh
Okawaru
Qazlal
Ru
Sif Muna
Trog
Uskayaw
Vehumet
Wu Jian
Xom
Yredelemnul
Zin
The Shining One

Shops:
D:2 *(   D:8 [

Annotations:
D:8 3 runed translucent doors, deremet's ghost, novice GnDe


Innate Abilities, Weirdness & Mutations

You are a tree.
Your roots penetrate the ground, keeping you stationary.
You cannot be teleported.
You are immune to unholy pain and torment.
Your maximum health is greatly increased.
Your equipment is partially melded.
((You have very sharp teeth.))
Your uncanny sense of smell can sniff out nearby items.
Your experience applies equally to all skills.


Message History

An arrow appears from out of thin air!
The arrow completely misses you. The wyvern attacks as you move away!
The wyvern closely misses you.
The wyvern bites you but does no damage.
The wyvern bites you.
* * * LOW HITPOINT WARNING * * *
The wyvern bites you but does no damage.
You hit the wyvern.
You kill the wyvern!
You hear a bow twang.
An arrow appears from out of thin air!
The arrow hits you!
* * * LOW HITPOINT WARNING * * *
You have reached level 11!
You feel better.
You hear a bow twang.
An arrow appears from out of thin air!
The arrow hits you!
* * * LOW HITPOINT WARNING * * *
You feel better.
You hear a bow twang.
An arrow appears from out of thin air!
The arrow hits you but does no damage.
You are confused.
You feel invigorated.
You hear a bow twang.
An arrow appears from out of thin air!
The arrow hits you but does no damage. Something hits you but does no damage.
Something bites you.
* * * LOW HITPOINT WARNING * * *
Something draws strength from your injuries!
You're too confused to move!
Something hits you!
* * * LOW HITPOINT WARNING * * *
Something bites you!
* * * LOW HITPOINT WARNING * * *
Something draws strength from your injuries!
Unknown command.
Unknown command.
It was a potion of lignification.
You turn into a tree.
Your +0 helmet melds into your body.
Your +0 pair of boots melds into your body.
Your +4 chain mail of fire resistance melds into your body.
You feel less resistant to fire.
Your roots penetrate the ground.
Something hits you but does no damage. Something bites you!
You die...

..............#....#
..######......#....#
#.)...#######
#.....#8_8#.<
#.....#...#..
#...###...#.. #...#
##.##.. ###.#########...#
#...#..
........♣{......###...#..
###.##########........#..
##.###...#.. #.# #...#..
##.###...#.. ...........#
##.......### #.##...##
#.######


There were no monsters in sight!

Vanquished Creatures
  A two-headed ogre (D:9)
  An ugly thing (D:9)
  A kobold demonologist (D:9)
  A troll (D:8)
  Sigmund (D:6)
  A slime creature (D:9)
  4 yaks
  3 wyverns
  2 steam dragons
  Edmund (D:6)
  A water moccasin (D:7)
  5 orc warriors
  4 black bears
  An ice beast (D:5)
  2 sky beasts
  3 centaurs
  2 wolves
  A kobold brigand (D:9)
  A gnoll sergeant (D:8)
  A bullfrog (D:9)
  3 scorpions
  A wight (D:9)
  4 killer bees (D:8)
  2 howler monkeys
  An electric eel (D:6)
  2 jellies
  4 orc priests
  7 hounds
  2 iguanas
  11 orc wizards
  8 mummies (Ossuary)
  5 adders
  4 shadow imps
  2 white imps
  An ufetubus (D:6)
  2 worms
  2 dart slugs (D:1)
  25 orcs
  7 ball pythons
  A bat (D:1)
  7 endoplasms
  5 giant cockroaches
  2 gnoll zombies (Ossuary)
  10 goblins
  5 hobgoblins
  2 jackals (D:1)
  2 quokkas
  6 frilled lizards
  A hobgoblin zombie (Ossuary)
  7 kobolds
  3 kobold zombies (Ossuary)
  2 orc zombies (Ossuary)
  6 rats
189 creatures vanquished.

Notes
Turn   | Place    | Note
-------+----------+-------------------------------------------
     0 | D:1      | cforsyth the Gnoll Artificer began the quest for the Orb.
     0 | D:1      | Reached XP level 1. HP: 17/17 MP: 1/1
   131 | D:1      | Reached XP level 2. HP: 19/23 MP: 2/2
   605 | D:1      | Reached XP level 3. HP: 24/28 MP: 3/3
   890 | D:2      | Reached skill level 1 in Invocations
  1095 | D:2      | Found Isutu's General Store.
  1098 | D:2      | Reached skill level 1 in Short Blades
  1098 | D:2      | Reached skill level 1 in Long Blades
  1098 | D:2      | Reached skill level 1 in Axes
  1098 | D:2      | Reached skill level 1 in Maces & Flails
  1098 | D:2      | Reached skill level 1 in Polearms
  1098 | D:2      | Reached skill level 1 in Staves
  1098 | D:2      | Reached skill level 1 in Ranged Weapons
  1098 | D:2      | Reached skill level 1 in Throwing
  1098 | D:2      | Reached skill level 1 in Shields
  1098 | D:2      | Reached skill level 1 in Unarmed Combat
  1098 | D:2      | Reached skill level 1 in Spellcasting
  1286 | D:2      | Found Dipheguj's Antique Weapon Emporium.
  1354 | D:2      | Reached XP level 4. HP: 24/34 MP: 5/5
  2977 | D:3      | Found a sparkling altar of Nemelex Xobeh.
  2984 | D:3      | Reached skill level 1 in Conjurations
  2984 | D:3      | Reached skill level 1 in Hexes
  2984 | D:3      | Reached skill level 1 in Summonings
  2984 | D:3      | Reached skill level 1 in Necromancy
  2984 | D:3      | Reached skill level 1 in Translocations
  2984 | D:3      | Reached skill level 1 in Transmutations
  2984 | D:3      | Reached skill level 1 in Fire Magic
  2984 | D:3      | Reached skill level 1 in Ice Magic
  2984 | D:3      | Reached skill level 1 in Air Magic
  2984 | D:3      | Reached skill level 1 in Earth Magic
  2984 | D:3      | Reached skill level 1 in Poison Magic
  2984 | D:3      | Reached skill level 1 in Shapeshifting
  3106 | D:4      | Noticed a centaur
  3118 | D:4      | Killed a centaur
  3119 | D:4      | Reached XP level 5. HP: 26/41 MP: 5/7
  3136 | D:4      | Found a staircase to the Ecumenical Temple.
  3145 | Temple   | Entered the Ecumenical Temple
  3218 | D:4      | Found a sand-covered staircase.
  3249 | Ossuary  | Entered an ossuary
  3279 | Ossuary  | Reached XP level 6. HP: 47/47 MP: 8/8
  3296 | Ossuary  | Reached skill level 5 in Armour
  3793 | D:5      | Entered Level 5 of the Dungeon
  3794 | D:5      | Found a sacrificial altar of Ru.
  3844 | D:5      | Noticed an ice beast
  3872 | D:5      | Killed an ice beast
  3991 | D:5      | Found a hide-covered altar of Uskayaw.
  4038 | D:5      | Found a blossoming altar of Fedhas.
  4062 | D:5      | Found a burning altar of Makhleb.
  4342 | D:6      | Noticed a black bear
  4359 | D:6      | Killed a black bear
  4360 | D:6      | Reached skill level 7 in Evocations
  4360 | D:6      | Reached XP level 7. HP: 37/52 MP: 10/10
  4451 | D:6      | Noticed Sigmund
  5231 | D:6      | Noticed a steam dragon
  5234 | D:6      | Killed a steam dragon
  5235 | D:6      | Reached XP level 8. HP: 41/60 MP: 12/12
  5339 | D:6      | Killed Sigmund
  5794 | D:6      | Identified the +0 falchion of Xipips {freeze, rElec Will+
                  | Dex+3}
  5802 | D:6      | Noticed Edmund
  5805 | D:6      | Killed Edmund
  6244 | D:7      | Reached XP level 9. HP: 55/66 MP: 14/14
  6983 | D:7      | Reached skill level 5 in Fighting
  6983 | D:7      | Reached skill level 5 in Dodging
  7162 | D:8      | Found a shadowy altar of Dithmenos.
  7223 | D:7      | Reached skill level 5 in Stealth
  7315 | D:8      | Found Juhiwkoq's Armour Boutique.
  7364 | D:7      | Reached skill level 8 in Evocations
  7527 | D:7      | Reached skill level 5 in Invocations
  7747 | D:8      | Found a runed translucent gate.
  7747 | D:8      | Found a runed translucent gate.
  7747 | D:8      | Found a runed translucent gate.
  7750 | D:8      | Noticed deremet's ghost (novice GnDe)
  7753 | D:8      | Identified the +6 plate armour "Kazij" {rPois Str+5}
  7863 | D:8      | Found a hazy altar of Hepliaklqana.
  7883 | D:8      | Became a worshipper of Hepliaklqana the Forgotten
  8672 | D:8      | Reached XP level 10. HP: 75/75 MP: 17/17
  8904 | D:9      | Found a staircase to the Lair.
  9034 | D:8      | Reached skill level 5 in Short Blades
  9034 | D:8      | Reached skill level 5 in Long Blades
  9034 | D:8      | Reached skill level 5 in Axes
  9034 | D:8      | Reached skill level 5 in Maces & Flails
  9034 | D:8      | Reached skill level 5 in Polearms
  9034 | D:8      | Reached skill level 5 in Staves
  9034 | D:8      | Reached skill level 5 in Ranged Weapons
  9034 | D:8      | Reached skill level 5 in Throwing
  9034 | D:8      | Reached skill level 5 in Shields
  9034 | D:8      | Reached skill level 5 in Unarmed Combat
  9034 | D:8      | Reached skill level 5 in Spellcasting
  9761 | D:9      | Noticed a brown ugly thing
  9767 | D:9      | Killed a brown ugly thing
  9878 | D:9      | Noticed a kobold demonologist
  9878 | D:9      | Noticed a two-headed ogre
  9886 | D:9      | Killed a kobold demonologist
 10049 | D:9      | Killed a two-headed ogre
 11465 | D:9      | Found a staircase to the Orcish Mines.
 11657 | D:9      | Found an opulent altar of Gozag.
 11714 | D:9      | Reached XP level 11. HP: 4/83 MP: 19/19
 11714 | D:9      | HP: 2/83 [something (12)]
 11719 | D:9      | Slain by a vampire

Illustrated notes

Levels and vault maps discovered:
D:1:      lightli_arrival_statue_moat, layout_rooms, minmay_misc_feat_five,
          minmay_tromino_i4
D:2:      layout_basic, serial_shops, shop, shop, serial_park_tiny_pond
D:3:      layout_loops_corners, nemelex_dance_club_becter,
          minmay_misc_feat_square
D:4:      layout_rooms, temple_pool_b, enter_ossuary_3
D:5:      layout_rooms, mainiacjoe_overflow_concentric_impassable,
          old_standard_altar, mainiacjoe_overflow_catch_the_wave,
          hangedman_decor_points, serial_bayou_pond_e
D:6:      layout_rooms, minivault_14, uniq_sigmund, uniq_edmund
D:7:      layout_loops_ring, minmay_misc_feat_tiny
D:8:      layout_cave_pools, mainiacjoe_overflow_alcove_1,
          mainiacjoe_overflow_chevrons, serial_shops, shop,
          biasface_ghost_orc_armoury, kennysheep_generic_room_7
D:9:      layout_basic, grunt_gozag_breadcrumbs, erik_lair_island, david_orc_4,
          minivault_4, evilmike_minifort
Temple:   dshaligram_water_room_temple

Skill      XL: |  1  2  3  4  5  6  7  8  9 10 |
---------------+-------------------------------+-----
Invocations    | 1 2 3 4 5 6 |  6.5
Short Blades   | 1 2 3 4 5 |  5.9
Long Blades    | 1 2 3 4 5 |  5.9
Axes           | 1 2 3 4 5 |  5.9
Maces & Flails | 1 2 3 4 5 |  5.9
Polearms       | 1 2 3 4 5 |  5.9
Staves         | 1 2 3 4 5 |  5.9
Ranged Weapons | 1 2 3 4 5 |  5.9
Throwing       | 1 2 3 4 5 |  5.9
Shields        | 1 2 3 4 5 |  5.9
Unarmed Combat | 1 2 3 4 5 |  5.9
Spellcasting   | 1 2 3 4 5 |  5.9
Conjurations   | 1 2 3 4 |  4.9
Hexes          | 1 2 3 4 |  4.9
Summonings     | 1 2 3 4 |  4.9
Necromancy     | 1 2 3 4 |  4.9
Translocations | 1 2 3 4 |  4.9
Transmutations | 1 2 3 4 |  4.9
Fire Magic     | 1 2 3 4 |  4.9
Ice Magic      | 1 2 3 4 |  4.9
Air Magic      | 1 2 3 4 |  4.9
Earth Magic    | 1 2 3 4 |  4.9
Poison Magic   | 1 2 3 4 |  4.9
Shapeshifting  | 1 2 3 4 |  4.9
Fighting       | 3 4 5 6 |  6.5
Dodging        | 3 4 5 6 |  6.5
Stealth        | 3 4 5 6 |  6.4
Armour         | 5 6 7 |  7.5
Evocations     | 7 8 |  8.9

Action                     |  1- 3 |  4- 6 |  7- 9 | 10-12 || total
---------------------------+-------+-------+-------+-------++-------
  Melee: Club              |   165 |    66 |       |       ||   231
         Bite              |    26 |    34 |    63 |    30 ||   153
         Punch             |     1 |     5 |     8 |     9 ||    23
         Short sword       |       |   162 |   111 |       ||   273
         Dagger            |       |     5 |       |       ||     5
         Flail             |       |       |   321 |   145 ||   466
         Demon blade       |       |       |       |    82 ||    82
  Evoke: Wand              |     1 |    21 |    12 |    16 ||    50
    Use: Potion            |       |     1 |       |     6 ||     7
         Scroll            |       |       |     9 |     1 ||    10
 Armour: Leather armour    |    38 |       |       |       ||    38
         Chain mail        |    73 |   162 |   394 |   205 ||   834
         Skin              |       |       |       |     1 ||     1
  Dodge: Dodged            |   112 |    88 |   162 |   149 ||   511

Table legend: (Time is in decaauts)
 A = Elapsed time spent in this place.
 B = Non-inter-level travel time spent in this place.
 C = Inter-level travel time spent in this place.
 D = Time resting spent in this place.
 E = Time spent auto-exploring this place.
 F = Levels seen in this place.
 G = Mean time per level.
                   A        B        C        D        E       F      G
               +--------+--------+--------+--------+--------+-----+--------+
         Total |  11868 |  11610 |    258 |   3077 |   5978 |  11 | 1078.9 |
       Dungeon |  11592 |  11334 |    258 |   3000 |   5872 |   9 | 1288.0 |
        Temple |      1 |      1 |      0 |      0 |      0 |   1 |    1.0 |
       Ossuary |    274 |    274 |      0 |     77 |    106 |   1 |  274.0 |
               +--------+--------+--------+--------+--------+-----+--------+

Top non-repeatable levels by time:
     D:8: 2945 daAuts
     D:7: 1500 daAuts
     D:1: 1490 daAuts
     D:9: 1321 daAuts
     D:5: 1238 daAuts
     D:6: 1010 daAuts
     D:3: 998 daAuts
     D:2: 663 daAuts
     D:4: 423 daAuts
 Ossuary: 274 daAuts
  Temple: 1 daAuts
